cohdb
Replays
Latest Replays
All Replays
Popular Replays
Top Player Replays
Match Explorer
How It Works
Community
CoH3 Stats
Reddit
Sign in to upload your games and track your stats! →
Sign in with Steam
Match 41599108
Unlisted
Match 41599108
Overview
Messages
Build Orders
End
Panzerpioneer Squad
Panzergrenadier Squad
250 Light Carrier
Panzergrenadier Squad
Construct Light Support Kompanie
Fire Support Elements
Flakvierling Half-track
Panzergrenadier Squad
Veteran Squad Leaders
Panzerjäger Mechanized Group
Pak 38 Anti-tank Gun Team
Selects Panzerjäger Kommand Battlegroup
Selects Mine Fields
Selects Defensive Positions
Selects Butterfly Bomb Drop
Butterfly Bomb Drop
2.5-tonne Medical Truck
Butterfly Bomb Drop
2.5-tonne Medical Truck
Butterfly Bomb Drop
Construct Panzerarmee Kommand
Armored Reserves
Grand.G
advance
0
0
Comments
sign in to comment!
No comments posted yet!